 Dungeon Crawl Stone Soup version 0.28.0-62-gf88900778d (webtiles) character file.

Game seed: 5001325608670271784

391 cbfl8 the Slasher (level 6, -1/52 HPs)
             Began as a Minotaur Fighter on June 21, 2023.
             Was an Initiate of Hepliaklqana.
             Slain by a water moccasin zombie (2 damage)
             ... on level 5 of the Dungeon.
             The game lasted 00:04:46 (4206 turns).

cbfl8 the Slasher (Minotaur Fighter)                Turns: 4206, Time: 00:04:47

Health: -1/52      AC:  9    Str: 18 (21) XL:     6   Next: 50%
Magic:  5/5        EV:  7    Int:  2 (5)  God:    Hepliaklqana [......]
Gold:   10         SH:  9    Dex:  8 (11) Spells: 5/5 levels left

rFire   + . .      SeeInvis .   s - +3 long sword (holy)
rCold   x . .      Faith    .   c - +0 buckler
rNeg    . . .      Spirit   .   a - +0 chain mail
rPois   .          Reflect  +   (helmet restricted)
rElec   .          Harm     .   (no cloak)
rCorr   .          Rampage  .   (no gloves)
Will    .....                   (no boots)
Stlth   ..........              r - amulet of reflection
HPRegen 0.17/turn               f - ring of fire
MPRegen 0.09/turn               (no ring)

@: flying
A: horns 2, retaliatory headbutt
a: Renounce Religion


You were on level 5 of the Dungeon.
You worshipped Hepliaklqana.
Hepliaklqana was noncommittal.
You visited 2 branches of the dungeon, and saw 6 of its levels.

You collected 160 gold pieces.
You spent 150 gold pieces at shops.

Inventory:

Hand Weapons
 s - a +3 long sword of holy wrath (weapon)
Armour
 a - a +0 chain mail (worn)
 c - a +0 buckler (worn)
Jewellery
 f - a ring of fire (left hand)
 r - an amulet of reflection (around neck)
Scrolls
 d - a scroll of enchant armour {unknown}
 j - a scroll of brand weapon
 q - a scroll of immolation
Potions
 b - a potion of flight
 e - a potion of heal wounds {unknown}
 h - a potion of brilliance {unknown}
 i - a potion of attraction {unknown}
 k - a potion of mutation {unknown}
 l - a potion of lignification {unknown}
 m - 2 potions of berserk rage {unknown}
 n - a potion of experience {unknown}
 o - 3 potions of degeneration


   Skills:
 + Level 4.2 Fighting
 * Level 6.0 Long Blades
 + Level 4.7 Armour
 + Level 0.7 Dodging
 + Level 0.2 Stealth
 + Level 4.5 Shields
 * Level 2.1 Evocations


You had 5 spell levels left.
You didn't know any spells.
Your spell library contained the following spells:

 Spells                   Type           Power      Damage    Failure   Level
 Foxfire                  Conj/Fire      0%         2x1d4     100%        1
 Magic Dart               Conj           0%         1d3       100%        1
 Searing Ray              Conj           0%         2d4       100%        2
 Conjure Flame            Conj/Fire      0%         6-21      100%        3
 Inner Flame              Hex/Fire       0%         N/A       100%        3
 Flame Wave               Conj/Fire      0%         2d4       100%        4
 Fulminant Prism          Conj/Hex       0%         3d6       100%        4
 Borgnjor's Revivificati  Necr           0%         N/A       100%        8
 Necromutation            Tmut/Necr      0%         N/A       100%        8
 Death's Door             Necr           0%         N/A       100%        9


Dungeon Overview and Level Annotations

Branches:
Dungeon (5/15)             Temple (1/1) D:4

Altars:
Ashenzari
Cheibriados
Dithmenos
Elyvilon
Fedhas
Gozag
Hepliaklqana
Kikubaaqudgha
Makhleb
Nemelex Xobeh
Okawaru
Qazlal
Ru
Sif Muna
Trog
Uskayaw
Xom
Yredelemnul
Zin
The Shining One

Shops:
D:5 **


Innate Abilities, Weirdness & Mutations

You have a pair of horns on your head.
You reflexively headbutt those who attack you in melee.


Message History

Your surroundings seem slightly different.
Something hits you but does no damage. You block something's attack.
Something hits you.
* * * LOW HITPOINT WARNING * * *
Something hits you but does no damage. You block something's attack.
Something hits you.
* * * LOW HITPOINT WARNING * * *
Something hits you!
* * * LOW HITPOINT WARNING * * *
It was a potion of curing.
You feel better. You block something's attack.
You feel better. Something hits you.
* * * LOW HITPOINT WARNING * * *
The water moccasin zombie closely misses you.
You feel better. Something hits you. The water moccasin zombie bites you.
You feel better. Something hits you!
The water moccasin zombie barely misses you.
You furiously retaliate!
You headbutt the water moccasin zombie!
It was a potion of flight.
You feel very buoyant.
You fly up into the air.
Something hits you.
The water moccasin zombie bites you but does no damage.
Okay, then.
It was a potion of degeneration.
There was something very wrong with that liquid.
You feel weakened.
You feel dopey.
You feel clumsy. Something hits you!
* * * LOW HITPOINT WARNING * * *
The water moccasin zombie barely misses you.
As you read the scroll labelled JUIDIE HOMI, it crumbles to dust.
The creatures around you are filled with an inner flame!
It was a scroll of immolation.
Something hits you!
* * * LOW HITPOINT WARNING * * *
The water moccasin zombie closely misses you.
You furiously retaliate!
You headbutt the water moccasin zombie!
Flame seeps out of the water moccasin zombie.
The water moccasin zombie is engulfed in blazing flames.
Flame seeps out of the water moccasin zombie.
The water moccasin zombie bites you.
You die...

.#.##....(.#.........##
.#.............##.....#
.....##..............##
.......#.##..........#####
.........................#
.....# ...#.........PP.#
...... #[##...#....∩P.#
......# #.....Z....PP..#
......### #.....@........#
........###.##..........##
........##..####......###
#.......###..#.......##
#........##...........#
#.........#......#...##
###.......#..##......#
.#...........#####...#
...#.........###


You could see a water moccasin zombie (inner flame).

Vanquished Creatures
  An ogre (D:4)
  A phantom (D:5)
  2 iguanas (D:5)
  Jessica (D:3)
  2 orc wizards
  Robin (D:4)
  An adder (D:3)
  A dart slug (D:1)
  5 orcs
  4 bats
  2 endoplasms
  6 giant cockroaches
  9 goblins
  9 hobgoblins
  7 jackals
  5 kobolds
  7 quokkas
  7 ball pythons
  3 frilled lizards
  5 rats
79 creatures vanquished.

Notes
Turn   | Place    | Note
-------+----------+-------------------------------------------
     0 | D:1      | cbfl8 the Minotaur Fighter began the quest for the Orb.
     0 | D:1      | Reached XP level 1. HP: 19/19 MP: 0/0
   121 | D:1      | Found a faded altar of an unknown god.
   144 | D:1      | Reached XP level 2. HP: 26/27 MP: 1/1
   852 | D:2      | You fall into a shaft and drop 1 floor!
   857 | D:3      | Reached XP level 3. HP: 33/33 MP: 2/2
   951 | D:3      | Reached skill level 3 in Long Blades
   989 | D:3      | Identified the +9 rapier "Dufip" {chaos, Drain Fly Int+3
                  | Stlth+}
  1121 | D:3      | Noticed Jessica
  1130 | D:3      | Killed Jessica
  1131 | D:3      | Reached skill level 1 in Evocations
  1131 | D:3      | Reached XP level 4. HP: 33/40 MP: 3/3
  2454 | D:4      | Found a staircase to the Ecumenical Temple.
  2491 | Temple   | Entered the Ecumenical Temple
  2712 | Temple   | Became a worshipper of Hepliaklqana the Forgotten
  2882 | D:4      | Noticed Robin
  2896 | D:4      | Killed Robin
  2899 | D:4      | Reached skill level 4 in Long Blades
  3152 | D:4      | Noticed an ogre
  3161 | D:4      | Killed an ogre
  3162 | D:4      | Reached XP level 5. HP: 24/46 MP: 4/4
  3463 | D:5      | Entered Level 5 of the Dungeon
  3473 | D:5      | Reached skill level 5 in Long Blades
  3644 | D:5      | Noticed a phantom
  3652 | D:5      | Killed a phantom
  3653 | D:5      | Reached XP level 6. HP: 33/52 MP: 5/5
  3792 | D:5      | Found Nysyqika's Assorted Antiques.
  4102 | D:5      | Reached skill level 6 in Long Blades
  4119 | D:5      | Bought a small moonstone ring for 150 gold pieces
  4184 | D:5      | Found Utaeleavo's Assorted Antiques.
  4199 | D:5      | HP: 1/52 [something (9)]
  4206 | D:5      | HP: 1/52 [something (7)]
  4206 | D:5      | Slain by a water moccasin zombie

Illustrated notes

Levels and vault maps discovered:
D:1:      erik_arrival_triangle_small, layout_loops_ring,
          shapermc_ecumenical_altar_gd, chequers_serial_rivers_large_a
D:2:      layout_loops_ring, serial_bayou_pond_a
D:3:      layout_loops_cross, uniq_jessica
D:4:      layout_basic, minmay_temple_entry_slanted, uniq_robin
D:5:      layout_cave_pools, serial_shops, nicolae_shop_overgrown_old_shop,
          nicolae_shop_statue_plus, shop_scrolls, shop
Temple:   regret_index_temple_chain_breaker

Skill      XL: |  1  2  3  4  5  6 |
---------------+-------------------+-----
Shields        | 4 |  4.5
Long Blades    | 3 4 5 6 |  6.0
Armour         | 4 |  4.7
Fighting       | 4 |  4.2
Evocations     | 1 2 |  2.1
Dodging        | |  0.7
Stealth        | |  0.2

Action                   |  1- 3 |  4- 6 || total
-------------------------+-------+-------++-------
Melee: Long sword        |    58 |   109 ||   167
       Headbutt          |     7 |    11 ||    18
  Use: Potion            |       |     7 ||     7
       Scroll            |       |     7 ||     7
Armor: Scale mail        |    33 |    17 ||    50
       Chain mail        |       |    46 ||    46
Dodge: Dodged            |    31 |    37 ||    68
Block: Buckler           |    17 |    34 ||    51
